 Dungeon Crawl Stone Soup version 0.28-b1-25-g9875b3fc8c (webtiles) character file.

Game seed: 14501042487557214227

37 Akaron the Gusty (level 3, 0/19 HPs)
             Began as a Tengu Air Elementalist on Jan 31, 2022.
             Succumbed to an adder's poison
             ... on level 2 of the Dungeon.
             The game lasted 00:02:26 (1267 turns).

Akaron the Gusty (Tengu Air Elementalist)           Turns: 1267, Time: 00:02:26

Health: 0/19       AC:  2    Str:  8    XL:     3   Next: 41%
Magic:  1/7        EV: 12    Int: 17    God:
Gold:   40         SH:  0    Dex: 14    Spells: 2/6 levels left

rFire   . . .      SeeInvis .   (no weapon)
rCold   . . .      Faith    .   (no shield)
rNeg    . . .      Spirit   .   a - +0 robe
rPois   .          Reflect  .   (helmet restricted)
rElec   .          Harm     .   (no cloak)
rCorr   .          Rampage  .   (no gloves)
Will    .....                   (boots unavailable)
Stlth   ++........              (no amulet)
HPRegen 0.06/turn               (no ring)
MPRegen 0.10/turn               (no ring)

@: lethally poisoned (0 -> -5)
A: beak, talons 3
a: no special abilities


You were on level 2 of the Dungeon.
You visited 1 branch of the dungeon, and saw 2 of its levels.

You collected 40 gold pieces.

Inventory:

Hand Weapons
 c - a +0 flail
Armour
 a - a +0 robe (worn)
 d - a +0 leather armour
Scrolls
 e - a scroll of silence {unknown}
 g - a scroll of teleportation {unknown}
 h - a scroll of brand weapon {unknown}
 i - a scroll of noise {unknown}
 l - a scroll of identify {unknown}
Potions
 b - a potion of haste {unknown}
 f - a potion of degeneration {unknown}
 j - a potion of curing {unknown}
 k - 2 potions of attraction {unknown}


   Skills:
 + Level 2.3 Dodging
 - Level 2.1 Stealth
 + Level 2.3 Spellcasting
 + Level 2.0 Conjurations
 + Level 5.0 Air Magic


You had 2 spell levels left.
You knew the following spells:

 Your Spells              Type           Power      Damage    Failure   Level
a - Shock                 Conj/Air       56%        1d6       4%          1
b - Swiftness             Air            19%        N/A       7%          3

Your spell library contained the following spells:

 Spells                   Type           Power      Damage    Failure   Level
 Static Discharge         Conj/Air       14%        N/A       7%          2
 Mephitic Cloud           Conj/Pois/Air  10%        N/A       22%         3
 Airstrike                Air            9%         N/A       24%         4
 Gell's Gravitas          Tloc           1%         N/A       50%         3
 Ignite Poison            Fire/Tmut/Pois 1%         N/A       50%         3
 Lesser Beckoning         Tloc           1%         N/A       50%         3
 Teleport Other           Tloc           1%         N/A       50%         3
 Freezing Cloud           Conj/Ice/Air   5%         6-21      89%         5


Dungeon Overview and Level Annotations

Branches:
Dungeon (2/15)

Altars:


Innate Abilities, Weirdness & Mutations

You have a beak for a mouth.
You have claws for feet.


Message History

The adder is lightly wounded.
The zap hits the adder.
The adder is heavily wounded.
The zap hits the endoplasm.
The endoplasm is moderately wounded.
The zap hits the endoplasm.
You kill the endoplasm!
The zap misses the adder.
The zap hits the adder.
The adder is heavily wounded.
The adder closely misses you.
Your magical contamination has completely faded away.
You closely miss the adder.
The adder is heavily wounded.
The adder bites you. The adder closely misses you.
You barely miss the adder. Your kick misses the adder. You peck the adder.
The adder is almost dead.
The adder bites you.
You are poisoned.
The adder poisons you!
You closely miss the adder. Your peck misses the adder.
The adder is almost dead.
You feel sick. The adder barely misses you.
You closely miss the adder.
The adder is almost dead.
You feel sick. The adder bites you.
You are lethally poisoned!
The adder poisons you! The adder bites you.
You closely miss the adder.
The adder is almost dead.
* * * LOW HITPOINT WARNING * * *
You feel sick. The adder bites you but does no damage.
You closely miss the adder.
The adder is almost dead.
* * * LOW HITPOINT WARNING * * *
You feel sick. The adder bites you.
* * * LOW HITPOINT WARNING * * *
You closely miss the adder.
The adder is almost dead.
You die...

#.#......# ## .
... #.####.###
.. .#.
##........ ..
... #..#######
.##.. #.## .#†#
#.# ..# #.# #S#
#.#
.##.##@#####.#
#.............#
##............#
#............#
#............#
#..............
##.######.......
#. #...##### #
#...#


You could see an adder.

Vanquished Creatures
  A gnoll (D:1)
  2 dart slugs (D:1)
  4 endoplasms
  2 giant cockroaches
  2 goblins (D:1)
  2 hobgoblins (D:1)
  2 ball pythons
  2 frilled lizards
  2 kobolds (D:1)
  3 rats (D:1)
22 creatures vanquished.

Notes
Turn   | Place    | Note
-------+----------+-------------------------------------------
     0 | D:1      | Akaron the Tengu Air Elementalist began the quest for the
                  | Orb.
     0 | D:1      | Reached XP level 1. HP: 10/10 MP: 4/4
    44 | D:1      | Reached XP level 2. HP: 15/15 MP: 0/6
   472 | D:1      | Reached XP level 3. HP: 19/19 MP: 2/7
  1033 | D:1      | Reached skill level 5 in Air Magic
  1110 | D:1      | Learned a level 3 spell: Swiftness
  1267 | D:2      | Succumbed to an adder's poison

Illustrated notes

Levels and vault maps discovered:
D:1:      elethiomel_arrival_infinity_welcomes_careful_drivers,
          layout_loops_ring
D:2:      cheibrodos_pilgrimage, layout_basic, ebering_ecumenical_altar_box,
          minmay_pentomino_u2

Skill      XL: |  1  2  3 |
---------------+----------+-----
Air Magic      | 5 |  5.0
Conjurations   | 2 |  2.0
Dodging        | |  2.3
Stealth        | |  2.1
Spellcasting   | |  2.3

Action                   || total
-------------------------++-------
Melee: Unarmed           ||    17
       Peck              ||     4
       Kick              ||     4
 Cast: Shock             ||    52
Armor: Robe              ||     1
Dodge: Dodged            ||    11
